 Dungeon Crawl Stone Soup version 0.28-a0-1213-g0243856f03 (webtiles) character file.

Game seed: 10089843506603837813

481 frimble the Ducker (level 6, -3/44 HPs)
             Began as a Demonspawn Warper on Dec 22, 2021.
             Slain by an iguana (7 damage)
             ... on level 5 of the Dungeon.
             The game lasted 00:05:30 (3945 turns).

frimble the Ducker (Demonspawn Warper)              Turns: 3945, Time: 00:05:31

Health: -3/44      AC:  5    Str: 13    XL:     6   Next: 87%
Magic:  2/8        EV: 11    Int: 17    God:
Gold:   205        SH:  0    Dex: 12    Spells: 6/9 levels left

rFire   . . .      SeeInvis .   b - +3 dagger (drain)
rCold   . . .      Faith    .   (no shield)
rNeg    . . .      Spirit   .   m - +0 ring mail
rPois   +          Reflect  .   (helmet restricted)
rElec   .          Harm     .   (no cloak)
rCorr   +          Rampage  .   (no gloves)
Will    .....                   (no boots)
Stlth   +.........              (no amulet)
HPRegen 0.14/turn               e - ring "Aqy Nast" {rPois Str+2 Slay+2}
MPRegen 0.11/turn               r - ring of resist corrosion

@: no status effects
A: antennae 1, powered by death 1, demonic magic 2, low mp 1, mutation
resistance 1
a: no special abilities


You were on level 5 of the Dungeon.
You visited 1 branch of the dungeon, and saw 5 of its levels.

You collected 205 gold pieces.

Inventory:

Hand Weapons
 b - a +3 dagger of draining (weapon)
Missiles
 d - 3 boomerangs of dispersal (quivered)
Armour
 m - a +0 ring mail (worn)
Jewellery
 e - the ring "Aqy Nast" (left hand) {rPois Str+2 Slay+2}
   (You acquired it on level 3 of the Dungeon)

   [ring of poison resistance]

   Str:       It affects your strength (+2).
   Slay:      It affects your accuracy & damage with ranged weapons and melee
   (+2).
   rPois:     It protects you from poison.
 n - a ring of flight
 r - a ring of resist corrosion (right hand)
Scrolls
 a - 2 scrolls of enchant weapon
 c - 2 scrolls of blinking
 h - a scroll of fog
 j - 2 scrolls of identify
 k - a scroll of magic mapping
Potions
 g - a potion of flight
 p - a potion of curing


   Skills:
 - Level 2.0 Fighting
 + Level 3.1(3.6) Short Blades
 - Level 2.6(3.3) Long Blades
 - Level 0.8 Throwing
 + Level 1.8 Armour
 - Level 4.0 Dodging
 - Level 2.0 Spellcasting
 - Level 3.0 Conjurations
 + Level 3.0 Translocations


You had 6 spell levels left.
You knew the following spells:

 Your Spells              Type           Power      Damage    Failure   Level
a - Blink                 Tloc           24%        N/A       17%         2
b - Magic Dart            Conj           48%        1d5       12%         1

Your spell library contained the following spells:

 Spells                   Type           Power      Damage    Failure   Level
 Gell's Gravitas          Tloc           12%        N/A       34%         3
 Lesser Beckoning         Tloc           12%        N/A       34%         3
 Teleport Other           Tloc           12%        N/A       34%         3
 Call Imp                 Summ           1%         N/A       52%         2
 Mephitic Cloud           Conj/Pois/Air  5%         N/A       63%         3
 Manifold Assault         Tloc           12%        N/A       97%         5


Dungeon Overview and Level Annotations

Branches:
Dungeon (5/15)
 Temple: D:4-7

Altars:
Qazlal
Wu Jian


Innate Abilities, Weirdness & Mutations

You have a pair of small antennae on your head.
You regenerate a little health from kills.
Spells you cast may paralyse nearby enemies.
Your magical capacity is low. (-10% MP)
You are somewhat resistant to further mutation.


Message History

You climb downwards.
The iguana hisses angrily.
Found 14 gold pieces and a ring mail.
There is a stone staircase leading up here.
You feel better.
Found a leather armour.
The bullfrog zombie hits you but does no damage.
The iguana bites you!
* * * LOW HITPOINT WARNING * * *
The ogre shouts!
You feel better.
You barely miss the bullfrog zombie. The bullfrog zombie hits you.
* * * LOW HITPOINT WARNING * * *
You feel better. The bullfrog zombie hits you.
* * * LOW HITPOINT WARNING * * *
The bullfrog zombie closely misses you.
You aren't carrying any items that you can evoke.
Okay, then.
Unknown command.
You hit the bullfrog zombie.
The bullfrog zombie is lightly damaged.
The bullfrog zombie hits you but does no damage.
Unknown command.
Throw: 5 boomerangs (disperse)
Press: ? - help, Q - select action, (/) - cycle Shift-Dir - straight line, f - bullfrog zombie
Aim: a bullfrog zombie (lightly damaged, 71% to hit)
You throw a boomerang of dispersal.
The boomerang of dispersal barely misses the bullfrog zombie.
The boomerang of dispersal closely misses the iguana.
Throw: 4 boomerangs (disperse)
Press: ? - help, Q - select action, (/) - cycle Shift-Dir - straight line, f/p - bullfrog zombie
Aim: a bullfrog zombie (lightly damaged, 71% to hit)
You throw a boomerang of dispersal.
The boomerang of dispersal hits the iguana but does no damage.
The iguana bites you!
* * * LOW HITPOINT WARNING * * *
You hit the iguana but do no damage. You drain the iguana.
The iguana is lightly wounded.
The iguana bites you!
You die...

##. [###### #.
#... #.....###..
#...##.###.....#
#......#[#.....
##..#.###.###.#.#
#...$.#⌠...⌠#...
#...###.....###.#
#...#@lZ.<....#.#
#..#.###.....###.#
#...#⌠...⌠#...
###.###.###.##
#...#.#...#
###.###..##
#......# ####...#


You could see an iguana (drained) and a bullfrog zombie.

Vanquished Creatures
  A necrophage (D:4)
  An ogre (D:4)
  A scorpion (D:4)
  A hound (D:4)
  An orc priest (D:3)
  8 gnolls (D:3)
  3 adders
  3 worms
  4 orcs (D:3)
  7 ball pythons
  4 bats
  6 endoplasms
  5 giant cockroaches
  7 goblins
  6 hobgoblins
  3 jackals (D:3)
  5 kobolds
  3 quokkas
  7 frilled lizards
  8 rats
84 creatures vanquished.

Notes
Turn   | Place    | Note
-------+----------+-------------------------------------------
     0 | D:1      | frimble the Demonspawn Warper began the quest for the Orb.
     0 | D:1      | Reached XP level 1. HP: 16/16 MP: 3/3
   150 | D:1      | Reached skill level 2 in Dodging
   179 | D:1      | Gained mutation: You regenerate a little health from kills.
                  | [demonic ancestry]
   179 | D:1      | Reached XP level 2. HP: 22/22 MP: 5/5
  1054 | D:2      | Gained mutation: Spells you cast may paralyse adjacent
                  | enemies. [demonic ancestry]
  1054 | D:2      | Reached XP level 3. HP: 20/27 MP: 6/6
  1129 | D:2      | Learned a level 2 spell: Blink
  1131 | D:2      | Learned a level 1 spell: Magic Dart
  1403 | D:2      | Found a faded altar of an unknown god.
  1856 | D:3      | Reached skill level 1 in Conjurations
  2007 | D:3      | Reached XP level 4. HP: 33/33 MP: 7/7
  2053 | D:3      | Reached skill level 1 in Short Blades
  2053 | D:3      | Reached skill level 3 in Dodging
  2272 | D:3      | Found a stormy altar of Qazlal.
  2443 | D:3      | Identified a scroll of acquirement
  2443 | D:3      | Acquired the ring "Aqy Nast" {rPois Str+2 Slay+2}
  2462 | D:3      | Gained mutation: You have a pair of small antennae on your
                  | head. [demonic ancestry]
  2462 | D:3      | Reached XP level 5. HP: 18/38 MP: 8/8
  3410 | D:4      | Found an ornate altar of the Wu Jian Council.
  3547 | D:4      | Noticed a necrophage
  3595 | D:4      | Killed a necrophage
  3596 | D:4      | Gained mutation: Spells you cast may paralyse nearby
                  | enemies. [demonic ancestry]
  3596 | D:4      | Reached XP level 6. HP: 35/44 MP: 1/9
  3684 | D:4      | Reached skill level 1 in Armour
  3684 | D:4      | Reached skill level 4 in Dodging
  3906 | D:4      | Gained mutation: Your magical capacity is low. (-10% MP)
                  | [potion of mutation]
  3906 | D:4      | Gained mutation: You are somewhat resistant to further
                  | mutation. [potion of mutation]
  3933 | D:5      | Entered Level 5 of the Dungeon
  3945 | D:5      | Slain by an iguana

Illustrated notes

Levels and vault maps discovered:
D:1:      onia_arrival_handbag, layout_basic
D:2:      minmay_inner_zag, layout_loops_ring, shapermc_ecumenical_altar_pompeii
D:3:      layout_loops_corners, mainiacjoe_overflow_paths, st_stairs_14,
          small_statue_alley_b, grunt_ministairs_8
D:4:      layout_basic, amcnicky_altar_gilded, kennysheep_dice
D:5:      layout_cave_pods, nicolae_fountain_basement

Skill      XL: |  1  2  3  4  5  6 |
---------------+-------------------+-----
Long Blades    | 2 |  2.6
Dodging        | 2 3 4 |  4.0
Conjurations   | 1 2 3 |  3.0
Short Blades   | 1 2 3 |  3.1
Armour         | 1 |  1.8
Translocations | 3 |  3.0
Fighting       | |  2.0
Throwing       | |  0.8
Spellcasting   | |  2.0

Action                   |  1- 3 |  4- 6 || total
-------------------------+-------+-------++-------
Melee: Falchion          |    60 |       ||    60
       Dagger            |    53 |   114 ||   167
Throw: Boomerang         |       |     2 ||     2
 Cast: Magic Dart        |       |    13 ||    13
       Blink             |       |     6 ||     6
  Use: Scroll            |     6 |     8 ||    14
       Potion            |       |     6 ||     6
 Stab: Sleeping          |     3 |       ||     3
       Paralysed         |       |     3 ||     3
Armor: Leather armour    |    11 |       ||    11
       Ring mail         |    29 |    35 ||    64
Dodge: Dodged            |    72 |    58 ||   130

Table legend: (Time is in decaauts)
 A = Elapsed time spent in this place.
 B = Non-inter-level travel time spent in this place.
 C = Inter-level travel time spent in this place.
 D = Time resting spent in this place.
 E = Time spent auto-exploring this place.
 F = Levels seen in this place.
 G = Mean time per level.
                   A        B        C        D        E       F      G
               +--------+--------+--------+--------+--------+-----+--------+
         Total |   3935 |   3858 |     77 |      0 |   3198 |   5 |  787.0 |
       Dungeon |   3935 |   3858 |     77 |      0 |   3198 |   5 |  787.0 |
               +--------+--------+--------+--------+--------+-----+--------+

Top non-repeatable levels by time:
     D:3: 1564 daAuts
     D:1: 1052 daAuts
     D:2: 759 daAuts
     D:4: 546 daAuts
     D:5: 11 daAuts
